 Dungeon Crawl Stone Soup version 0.32-a0-17-gb74e046682 (webtiles) character file.

Game seed: 17042316292680640416

7364 jlumianski the Grappler (level 11, -2/83 HPs)
             Began as a Gnoll Shapeshifter on Jan 15, 2024.
             Was a Priest of Wu Jian.
             Slain by a naga warrior
             ... wielding a +0 scimitar
              (8 damage)
             ... on level 1 of the Abyss.
             The game lasted 00:38:16 (8876 turns).

jlumianski the Grappler (Gnoll Shapeshifter)        Turns: 8876, Time: 00:38:18

Health: -2/83      AC: 20    Str: 21    XL:     11   Next: 14%
Magic:  20/20      EV:  8    Int: 13    God:    Wu Jian [***...]
Gold:   489        SH:  0    Dex: 11    Spells: 22/22 levels left

rFire   . . .        F - +4 trident "Nipparur" {flame, Str+3 Int+3}
rCold   . . .        (no shield)
rNeg    . . .        R - +0 plate armour
rPois   .            (helmet currently unavailable)
rElec   .            (cloak currently unavailable)
rCorr   .            (gloves currently unavailable)
SInv    .            (boots currently unavailable)
Will    .....        (no amulet) Stlth
                     E - +4 ring of protection
HPRegen 0.33/turn    x - +4 ring of protection
MPRegen 0.17/turn

%: no passive effects
@: about to teleport, beast-form, slowed, very slow
A: beast (slay +4), fangs 1, strong nose, distributed training, inability to
read after injury 1
a: Begin Untransformation, Renounce Religion, Wall Jump, Serpent's Lash


You were on level 1 of the Abyss.
You worshipped Wu Jian.
Wu Jian was most pleased with you.
You were a hulking beast.
You visited 1 branch of the dungeon, and saw 11 of its levels.
You visited the Abyss 1 time.

You collected 489 gold pieces.

Inventory:

Hand Weapons
 g - a +0 short sword of venom
 i - a +0 quarterstaff
 m - a +3 hand axe
 w - a +0 dagger of venom
 A - a +0 battleaxe
 F - the +4 trident "Nipparur" (weapon) {flame, Str+3 Int+3}
   (You found it on level 6 of the Dungeon)

   Str+3:     It affects your strength (+3).
   Int+3:     It affects your intelligence (+3).
 L - a +4 quarterstaff of chaos
 N - the +7 hammer of the Transparent God {protect, *Rage rElec rC+}
   (You found it on level 6 of the Dungeon)

   rC+:       It protects you from cold.
   rElec:     It insulates you from electricity.
   *Rage:     It berserks you when you make melee attacks (+20% chance).
Missiles
 n - 4 poisoned darts
 t - 13 boomerangs (quivered)
 J - 2 throwing nets
 S - a curare-tipped dart
Armour
 a - a +0 animal skin
 f - a +0 pair of boots
 j - a +0 chain mail
 M - a +0 cloak
 R - a +0 plate armour (worn)
 T - a +0 troll leather armour
Jewellery
 q - a ring of positive energy
 x - a +4 ring of protection (right hand)
 B - a ring of resist corrosion
 E - a +4 ring of protection (left hand)
 K - a +5 ring of evasion
Talismans
 c - a beast talisman
 d - a flux talisman
 u - a maw talisman
Wands
 v - a wand of flame (46)
 H - a wand of iceblast (7)
Scrolls
 e - a scroll of amnesia
 h - 2 scrolls of poison
 p - a scroll of noise
 r - 2 scrolls of teleportation
 y - a scroll of enchant armour
 D - 3 scrolls of revelation
 G - 2 scrolls of blinking
 I - a scroll of fog
 Q - a scroll of vulnerability
Potions
 b - 2 potions of lignification
 l - 2 potions of brilliance
 o - a potion of degeneration
 s - 2 potions of mutation
 z - a potion of heal wounds
 C - a potion of might
 P - a potion of attraction {unknown}


   Skills:
 + Level 6.8 Fighting
 + Level 6.2 Short Blades
 + Level 6.2 Long Blades
 + Level 6.2 Axes
 + Level 6.2 Maces & Flails
 + Level 6.2 Polearms
 + Level 6.2 Staves
 + Level 6.2 Ranged Weapons
 + Level 6.2 Throwing
 + Level 6.2 Armour
 + Level 7.8 Dodging
 + Level 6.2 Stealth
 + Level 6.2 Shields
 + Level 9.1 Unarmed Combat
 + Level 6.2 Spellcasting
 + Level 5.1 Conjurations
 + Level 5.1 Hexes
 + Level 5.1 Summonings
 + Level 5.1 Necromancy
 + Level 5.1 Translocations
 + Level 5.1 Fire Magic
 + Level 5.1 Ice Magic
 + Level 5.1 Air Magic
 + Level 5.1 Earth Magic
 + Level 5.1 Alchemy
 + Level 6.8 Invocations
 + Level 6.2 Evocations
 + Level 8.7 Shapeshifting


You had 22 spell levels left.
You didn't know any spells.
Your spell library contained the following spells:

 Spells                   Type           Power      Damage    Failure   Level
 Freeze                   Ice            68%        1d8       38%         1
 Sandblast                Erth           34%        2d9       38%         1
 Ensorcelled Hibernation  Hex/Ice        34%        N/A       52%         2
 Frozen Ramparts          Ice            34%        1d6       77%         3
 Fugue of the Fallen      Necr           17%        N/A       77%         3
 Hailstorm                Conj/Ice       17%        3d6       77%         3
 Passwall                 Erth           17%        N/A       77%         3
 Stone Arrow              Conj/Erth      34%        3d9       77%         3
 Anguish                  Hex/Necr       8%         N/A       99%         4
 Brom's Barrelling Bould  Conj/Erth      17%        2d4       99%         4


Dungeon Overview and Level Annotations

Branches:
Dungeon (11/15)            Temple (0/1) D:7            Lair (0/5) D:10
    Orc (0/2) D:11

Altars:
Hepliaklqana
Makhleb
Sif Muna
Wu Jian
Yredelemnul

Annotations:
D:5 2 transporters, Taul's ghost, amateur MiFi
D:7 3 runed translucent doors, Pokonic1's ghost, novice VSBe


Innate Abilities, Weirdness & Mutations

You are a hulking beast.
Your limbs bulge with bestial killing power. (Slay +4)
You have very sharp teeth.
Your uncanny sense of smell can sniff out nearby items.
Your experience applies equally to all skills.
You occasionally lose the ability to read scrolls when taking damage.


Message History

The guardian serpent closely misses you.
You hit the guardian serpent but do no damage.
The guardian serpent is moderately wounded.
The guardian serpent barely misses you. The guardian serpent hits you.
* * * LOW HITPOINT WARNING * * *
You hit the guardian serpent but do no damage.
The guardian serpent is moderately wounded.
The guardian serpent hits you but does no damage.
You puncture the guardian serpent! You burn the guardian serpent.
The guardian serpent is severely wounded.
The guardian serpent hits you.
* * * LOW HITPOINT WARNING * * *
The guardian serpent barely misses you.
You closely miss the guardian serpent.
The guardian serpent is severely wounded.
The guardian serpent hits you.
* * * LOW HITPOINT WARNING * * *
You closely miss the guardian serpent.
The guardian serpent is severely wounded.
The guardian serpent coils itself and waves its upper body at you.
You feel yourself slow down.
The guardian serpent casts a spell at you.
You resist with some effort.
You hit the guardian serpent. You burn the guardian serpent.
You bite the guardian serpent, but do no damage.
The guardian serpent is almost dead.
The guardian serpent hits you but does no damage.
The guardian serpent completely misses you.
You hit the guardian serpent but do no damage.
The guardian serpent is almost dead.
The naga warrior no longer looks unusually strong.
The guardian serpent barely misses you.
The guardian serpent hits you but does no damage.
You hit the guardian serpent. You burn the guardian serpent.
The guardian serpent is almost dead.
You can read scrolls again.
The guardian serpent hits you.
* * * LOW HITPOINT WARNING * * *
The naga warrior hits you with a +0 scimitar!
You die...

. .. .
#. . # .
.. . .#.
..#.# ..
. . ## #
. . . #
# ##.#
.###N###
##SN#.#
#.h# #
####


You could see 2 naga warriors and a guardian serpent.

Vanquished Creatures
  A two-headed ogre (D:11)
  An unseen horror (D:10)
  2 gargoyles
  3 trolls (D:10)
  Grinder (D:5)
  A shadow (D:10)
  A ynoxinul (Abyss:1)
  A black mamba skeleton (Abyss:1)
  4 vampire mosquitoes
  3 water moccasins
  Duvessa (D:4)
  A black bear (D:7)
  3 orc warriors
  A sky beast (D:4)
  A small abomination (Abyss:1)
  An ogre (D:4)
  4 centaurs
  A phantom (D:6)
  A kobold brigand (D:7)
  A gnoll sergeant (D:7)
  4 bullfrogs
  2 scorpions (D:5)
  17 wights
  Dowan (D:4)
  3 howler monkeys
  2 jellies
  2 hounds (D:5)
  2 orc priests
  3 bombardier beetles
  A gnoll bouda (D:7)
  Crazy Yiuf (D:6)
  Natasha (thrice) (D:4)
  4 iguanas
  10 orc wizards
  A sleepcap (D:7)
  17 gnolls
  5 adders
  2 shadow imps (D:6)
  A white imp (D:7)
  A ribbon worm (D:5)
  2 dart slugs (D:1)
  29 orcs
  9 endoplasms
  3 giant cockroaches
  7 hobgoblins
  3 jackals (D:1)
  10 quokkas
  6 ball pythons
  6 bats
  A frilled lizard (D:1)
  7 goblins
  10 kobolds
  7 rats
215 creatures vanquished.

Notes
Turn   | Place    | Note
-------+----------+-------------------------------------------
     0 | D:1      | jlumianski the Gnoll Shapeshifter began the quest for the
                  | Orb.
     0 | D:1      | Reached XP level 1. HP: 17/17 MP: 1/1
    99 | D:1      | Reached XP level 2. HP: 18/23 MP: 2/2
   362 | D:1      | Found a faded altar of an unknown god.
   603 | D:1      | Reached XP level 3. HP: 24/28 MP: 3/3
   941 | D:2      | Reached skill level 1 in Invocations
  1049 | D:3      | Reached skill level 1 in Short Blades
  1049 | D:3      | Reached skill level 1 in Long Blades
  1049 | D:3      | Reached skill level 1 in Axes
  1049 | D:3      | Reached skill level 1 in Maces & Flails
  1049 | D:3      | Reached skill level 1 in Polearms
  1049 | D:3      | Reached skill level 1 in Staves
  1049 | D:3      | Reached skill level 1 in Ranged Weapons
  1049 | D:3      | Reached skill level 1 in Throwing
  1049 | D:3      | Reached skill level 1 in Armour
  1049 | D:3      | Reached skill level 1 in Stealth
  1049 | D:3      | Reached skill level 1 in Shields
  1049 | D:3      | Reached skill level 1 in Spellcasting
  1049 | D:3      | Reached skill level 1 in Evocations
  1124 | D:3      | Reached skill level 1 in Conjurations
  1124 | D:3      | Reached skill level 1 in Hexes
  1124 | D:3      | Reached skill level 1 in Summonings
  1124 | D:3      | Reached skill level 1 in Necromancy
  1124 | D:3      | Reached skill level 1 in Translocations
  1124 | D:3      | Reached skill level 1 in Fire Magic
  1124 | D:3      | Reached skill level 1 in Ice Magic
  1124 | D:3      | Reached skill level 1 in Air Magic
  1124 | D:3      | Reached skill level 1 in Earth Magic
  1124 | D:3      | Reached skill level 1 in Alchemy
  1124 | D:3      | Reached XP level 4. HP: 9/34 MP: 5/5
  1371 | D:2      | Reached XP level 5. HP: 40/40 MP: 7/7
  2362 | D:4      | Noticed Natasha
  2486 | D:4      | Killed Natasha
  2555 | D:4      | Noticed Natasha
  2641 | D:4      | Killed Natasha
  2642 | D:4      | Reached XP level 6. HP: 45/47 MP: 8/8
  2654 | D:4      | Reached skill level 5 in Dodging
  2922 | D:4      | Found an ornate altar of the Wu Jian Council.
  2936 | D:4      | Became a worshipper of the Wu Jian Council
  3156 | D:3      | Found a shimmering blue altar of Sif Muna.
  3208 | D:5      | Entered Level 5 of the Dungeon
  3326 | D:4      | Noticed Natasha
  3331 | D:4      | Killed Natasha
  3332 | D:4      | Reached XP level 7. HP: 48/52 MP: 10/10
  3383 | D:5      | Reached skill level 7 in Unarmed Combat
  3867 | D:4      | Reached * piety under Wu Jian
  3964 | D:4      | Noticed Duvessa
  3964 | D:4      | Noticed Dowan
  4016 | D:4      | Killed Duvessa
  4017 | D:4      | Reached XP level 8. HP: 50/60 MP: 12/12
  4019 | D:4      | Killed Dowan
  4166 | D:5      | Noticed a two-headed ogre
  4167 | D:5      | Noticed Taul's ghost (amateur MiFi)
  4211 | D:5      | Noticed Grinder
  4226 | D:5      | Paralysed by Grinder for 4 turns
  4231 | D:5      | Killed Grinder
  4363 | D:5      | Found a hazy altar of Hepliaklqana.
  4705 | D:6      | Identified the +4 trident "Nipparur" {flame, Str+3 Int+3}
  4795 | D:5      | Found a transporter.
  4803 | D:5      | Found a transporter.
  5096 | D:6      | Reached XP level 9. HP: 62/66 MP: 14/14
  5332 | D:6      | Reached ** piety under Wu Jian
  5429 | D:6      | Reached skill level 5 in Fighting
  5698 | D:7      | Reached skill level 8 in Unarmed Combat
  5864 | D:7      | Reached skill level 5 in Invocations
  6046 | D:6      | Found a runed translucent door.
  6047 | D:6      | Noticed Crazy Yiuf
  6056 | D:6      | Identified the +7 hammer of the Transparent God {protect,
                  | *Rage rElec rC+}
  6057 | D:6      | Killed Crazy Yiuf
  6234 | D:7      | Found a runed translucent gate.
  6234 | D:7      | Noticed a troll
  6235 | D:7      | Found a runed translucent gate.
  6235 | D:7      | Found a runed translucent gate.
  6237 | D:7      | Noticed Pokonic1's ghost (novice VSBe)
  6525 | D:7      | Reached skill level 5 in Short Blades
  6525 | D:7      | Reached skill level 5 in Long Blades
  6525 | D:7      | Reached skill level 5 in Axes
  6525 | D:7      | Reached skill level 5 in Maces & Flails
  6525 | D:7      | Reached skill level 5 in Polearms
  6525 | D:7      | Reached skill level 5 in Staves
  6525 | D:7      | Reached skill level 5 in Ranged Weapons
  6525 | D:7      | Reached skill level 5 in Throwing
  6525 | D:7      | Reached skill level 5 in Armour
  6525 | D:7      | Reached skill level 5 in Stealth
  6525 | D:7      | Reached skill level 5 in Shields
  6525 | D:7      | Reached skill level 5 in Spellcasting
  6525 | D:7      | Reached skill level 5 in Evocations
  6525 | D:7      | Reached XP level 10. HP: 76/76 MP: 17/17
  6925 | D:7      | Reached *** piety under Wu Jian
  6996 | D:7      | Found a staircase to the Ecumenical Temple.
  7515 | D:8      | Found a basalt altar of Yredelemnul.
  7529 | D:8      | Found a burning altar of Makhleb.
  7563 | D:8      | You fall into a shaft and drop 3 floors!
  7630 | D:10     | Entered Level 10 of the Dungeon
  7630 | D:10     | Noticed a two-headed ogre
  7639 | D:11     | Noticed a gargoyle
  7657 | D:11     | Killed a gargoyle
  7891 | D:11     | Found a staircase to the Orcish Mines.
  7935 | D:11     | Noticed a two-headed ogre
  7942 | D:11     | Killed a two-headed ogre
  8028 | D:10     | Killed an unseen horror
  8254 | D:10     | Reached skill level 9 in Unarmed Combat
  8262 | D:10     | Reached skill level 5 in Conjurations
  8262 | D:10     | Reached skill level 5 in Hexes
  8262 | D:10     | Reached skill level 5 in Summonings
  8262 | D:10     | Reached skill level 5 in Necromancy
  8262 | D:10     | Reached skill level 5 in Translocations
  8262 | D:10     | Reached skill level 5 in Fire Magic
  8262 | D:10     | Reached skill level 5 in Ice Magic
  8262 | D:10     | Reached skill level 5 in Air Magic
  8262 | D:10     | Reached skill level 5 in Earth Magic
  8262 | D:10     | Reached skill level 5 in Alchemy
  8262 | D:10     | Reached XP level 11. HP: 56/83 MP: 20/20
  8464 | Abyss:1  | Cast into level 1 of the Abyss (gnoll)
  8498 | Abyss:1  | Noticed a thrashing horror
  8511 | Abyss:1  | Gained mutation: You occasionally lose the ability to read
                  | scrolls when taking damage. [a neqoxec]
  8625 | Abyss:1  | Noticed a white draconian stormcaller
  8629 | Abyss:1  | Noticed a purple draconian shifter
  8772 | Abyss:1  | Noticed a thrashing horror
  8862 | Abyss:1  | Noticed a naga warrior
  8863 | Abyss:1  | Noticed a naga warrior
  8876 | Abyss:1  | Slain by a naga warrior

Illustrated notes

Levels and vault maps discovered:
D:1:      lemuel_arrival_broad_hall, layout_loops_ring, basic_ecumenical_altar
D:2:      layout_basic
D:3:      layout_loops_ring, general_overflow_altar
D:4:      layout_gridville, nicolae_wu_jian_wuxing_cycle, supply_closet_lemuel,
          uniq_duvessa, uniq_natasha
D:5:      layout_gridville, lemuel_crystal_altar, gammafunk_ghost_arena,
          uniq_grinder
D:6:      layout_loops_cross, uniq_crazy_yiuf_cottage
D:7:      layout_basic, minmay_temple_entry_grid, gammafunk_ghost_split
D:8:      layout_basic, chequers_temple_overflow_statue_of_worship, uniq_psyche
D:9:      layout_roguey, nicolae_overflow_hallway_of_the_gods
D:10:     layout_irregular_city, david_lair_shrubbed, minmay_misc_feat_diagonals
D:11:     layout_roguey, orc_0_dummy, uniq_erica
Abyss:1:  base:
D:4

Skill      XL: |  1  2  3  4  5  6  7  8  9 10 |
---------------+-------------------------------+-----
Invocations    | 1 2 3 4 5 6 |  6.8
Short Blades   | 1 2 3 5 6 |  6.2
Long Blades    | 1 2 3 5 6 |  6.2
Axes           | 1 2 3 5 6 |  6.2
Maces & Flails | 1 2 3 5 6 |  6.2
Polearms       | 1 2 3 5 6 |  6.2
Staves         | 1 2 3 5 6 |  6.2
Ranged Weapons | 1 2 3 5 6 |  6.2
Throwing       | 1 2 3 5 6 |  6.2
Armour         | 1 2 3 5 6 |  6.2
Stealth        | 1 2 3 5 6 |  6.2
Shields        | 1 2 3 5 6 |  6.2
Spellcasting   | 1 2 3 5 6 |  6.2
Evocations     | 1 2 3 5 6 |  6.2
Conjurations   | 1 2 3 4 5 |  5.1
Hexes          | 1 2 3 4 5 |  5.1
Summonings     | 1 2 3 4 5 |  5.1
Necromancy     | 1 2 3 4 5 |  5.1
Translocations | 1 2 3 4 5 |  5.1
Fire Magic     | 1 2 3 4 5 |  5.1
Ice Magic      | 1 2 3 4 5 |  5.1
Air Magic      | 1 2 3 4 5 |  5.1
Earth Magic    | 1 2 3 4 5 |  5.1
Alchemy        | 1 2 3 4 5 |  5.1
Fighting       | 3 4 5 6 |  6.8
Dodging        | 5 6 7 |  7.8
Unarmed Combat | 7 8 9 |  9.1
Shapeshifting  | 7 8 |  8.7

Action                     |  1- 3 |  4- 6 |  7- 9 | 10-12 || total
---------------------------+-------+-------+-------+-------++-------
  Melee: Unarmed           |    85 |   145 |    88 |       ||   318
         Punch             |     1 |     2 |    15 |    10 ||    28
         Bite              |     3 |    15 |    23 |    18 ||    59
         Trident           |       |       |   154 |   199 ||   353
  Throw: Dart              |       |       |     7 |       ||     7
         Boomerang         |       |       |     4 |     1 ||     5
Ability: Lunge             |       |     3 |    21 |     8 ||    32
         Whirlwind         |       |       |     8 |    14 ||    22
         Wall Jump         |       |       |    11 |    24 ||    35
  Evoke: Wand              |       |       |       |     3 ||     3
    Use: Scroll            |     3 |     2 |     6 |     9 ||    20
         Potion            |     1 |       |       |     4 ||     5
 Armour: Animal skin       |     5 |       |       |       ||     5
         Chain mail        |    55 |   134 |   190 |     8 ||   387
         Plate armour      |       |       |       |   257 ||   257
  Dodge: Dodged            |    38 |    44 |   118 |    84 ||   284

Table legend: (Time is in decaauts)
 A = Elapsed time spent in this place.
 B = Non-inter-level travel time spent in this place.
 C = Inter-level travel time spent in this place.
 D = Time resting spent in this place.
 E = Time spent auto-exploring this place.
 F = Levels seen in this place.
 G = Mean time per level.
                   A        B        C        D        E       F      G
               +--------+--------+--------+--------+--------+-----+--------+
         Total |   8909 |   8796 |    113 |   1367 |   3903 |  12 |  742.4 |
       Dungeon |   8510 |   8397 |    113 |   1099 |   3903 |  11 |  773.6 |
         Abyss |    399 |    399 |      0 |    268 |      0 |   1 |  399.0 |
               +--------+--------+--------+--------+--------+-----+--------+

Top non-repeatable levels by time:
     D:7: 1202 daAuts
     D:6: 1146 daAuts
     D:3: 1110 daAuts
     D:2: 1005 daAuts
     D:4: 955 daAuts
     D:5: 941 daAuts
     D:1: 870 daAuts
    D:10: 511 daAuts
 Abyss:1: 399 daAuts
    D:11: 391 daAuts
     D:8: 368 daAuts
     D:9: 6 daAuts
